MID
WEST MICHIGAN WHITECAPS @ LAKE COUNTY CAPTAINS
04/18/2099
 
TOP OF THE 1ST
West Michigan Whitecaps batting - Pitching for Lake County Captains : LHP Ben Mills
Pitching: LHP Ben Mills
Batting: RHB Adam Anderson 0-0: Foul Ball, location: 9LDF
0-1: Foul Ball, location: 7LSF
0-2: Strikes out swinging
Batting: RHB David Titsworth 0-0: Ball
1-0: Swinging Strike
1-1: Swinging Strike
1-2: Ball
2-2: Ball
3-2: Strikes out swinging
Batting: RHB Scott Reech 0-0: Ball
1-0: Ground out 3-1 (Groundball, 34, EV 84.4 MPH)
Top of the 1st over - 0 runs, 0 hits, 0 errors, 0 left on base; West Michigan 0 - Lake County 0
BOTTOM OF THE 1ST
Lake County Captains batting - Pitching for West Michigan Whitecaps : RHP Danny Paderes
Pitching: RHP Danny Paderes
Batting: RHB Justin Stevenson 0-0: Ball
1-0: Called Strike
1-1: Swinging Strike
1-2: Ball
2-2: Ball
3-2: Fly out, F6 (Popup, 6MD, EV 56.3 MPH)
Batting: LHB Max Schmidt 0-0: Ball
1-0: Ball
2-0: Foul Ball, location: 3SF
2-1: Ball
3-1: Fly out, F9 (Flyball, 9, EV 100.6 MPH)
Batting: RHB Josh Gillard 0-0: Ball
1-0: Ball
2-0: Foul Ball, location: 3DF
2-1: DOUBLE (Line Drive, 7LS, EV 95.6 MPH)
Batting: RHB Jonathan Stewart 0-0: Foul Ball, location: 2F
0-1: Called Strike
0-2: Ball
1-2: Strikes out swinging
Bottom of the 1st over - 0 runs, 1 hit, 0 errors, 1 left on base; West Michigan 0 - Lake County 0
TOP OF THE 2ND
West Michigan Whitecaps batting - Pitching for Lake County Captains : LHP Ben Mills
Batting: LHB Steve Diamond 0-0: Foul Ball, location: 2F
0-1: Called Strike
0-2: Ball
1-2: Ball
2-2: Strikes out swinging
Batting: RHB Brett McFarren 0-0: Ground out 5-3 (Groundball, 56S, EV 84.4 MPH)
Batting: SHB Casey Jones 0-0: Ball
1-0: Ball
2-0: Called Strike
2-1: Called Strike
2-2: Strikes out swinging
Top of the 2nd over - 0 runs, 0 hits, 0 errors, 0 left on base; West Michigan 0 - Lake County 0
BOTTOM OF THE 2ND
Lake County Captains batting - Pitching for West Michigan Whitecaps : RHP Danny Paderes
Batting: RHB Carlos Adame 0-0: Called Strike
0-1: Ball
1-1: Ball
2-1: Fly out, F9 (Flyball, 89M, EV 86.3 MPH)
Batting: RHB Alex Avitia 0-0: Foul Ball, location: 25FF
0-1: Ball
1-1: Ball
2-1: Ball
3-1: Base on Balls
Batting: RHB Jesus Sanchez 0-0: Foul Ball, location: 9LDF
0-1: Grounds into double play, 5-4-3 (Groundball, 56, EV 108.1 MPH)
Bottom of the 2nd over - 0 runs, 0 hits, 0 errors, 0 left on base; West Michigan 0 - Lake County 0
TOP OF THE 3RD
West Michigan Whitecaps batting - Pitching for Lake County Captains : LHP Ben Mills
Batting: LHB Chris Visser 0-0: Fly out, F3 (Line Drive, 34D, EV 72.5 MPH)
Batting: RHB Quincy Behan 0-0: Called Strike
0-1: Ball
1-1: Swinging Strike
1-2: Ball
2-2: Strikes out looking
Batting: RHB William Rangnow 0-0: Foul Ball, location: 23FF
0-1: Called Strike
0-2: Strikes out swinging
Top of the 3rd over - 0 runs, 0 hits, 0 errors, 0 left on base; West Michigan 0 - Lake County 0
BOTTOM OF THE 3RD
Lake County Captains batting - Pitching for West Michigan Whitecaps : RHP Danny Paderes
Batting: RHB Chad Black 0-0: Ball
1-0: Foul Ball, location: 23FF
1-1: Ball
2-1: Called Strike
2-2: Foul Ball, location: 9LSF
2-2: Ball
3-2: Fly out, F8 (Flyball, 8RM, EV 86.3 MPH)
Batting: RHB Ralph Monti 0-0: Ball
1-0: Ball
2-0: Called Strike
2-1: Called Strike
2-2: Foul Ball, location: 2F
2-2: Ball
3-2: Foul Ball, location: 5FF
3-2: Foul Ball, location: 23FF
3-2: Base on Balls
Batting: RHB Justin Stevenson 0-0: Called Strike
0-1: Ball
1-1: Called Strike
1-2: Foul Ball, location: 2F
1-2: Grounds into double play, 3-6-1 (Groundball, 3S, EV 82.5 MPH)
Bottom of the 3rd over - 0 runs, 0 hits, 0 errors, 0 left on base; West Michigan 0 - Lake County 0
TOP OF THE 4TH
West Michigan Whitecaps batting - Pitching for Lake County Captains : LHP Ben Mills
Batting: RHB Adam Anderson 0-0: Ball
1-0: Ball
2-0: Called Strike
2-1: Swinging Strike
2-2: Foul Ball, location: 2F
2-2: Foul Ball, location: 2F
2-2: SINGLE (Groundball, 6D, EV 101.9 MPH)
Batting: RHB David Titsworth 0-0: Called Strike
0-1: Grounds into double play, 6-4-3 (Groundball, 6, EV 96.9 MPH)
Batting: RHB Scott Reech 0-0: Ball
1-0: Ball
2-0: Ball
3-0: Foul Ball, location: 3F
3-1: Swinging Strike
3-2: Ground out U3 (Groundball, 34, EV 102.5 MPH)
Top of the 4th over - 0 runs, 1 hit, 0 errors, 0 left on base; West Michigan 0 - Lake County 0
BOTTOM OF THE 4TH
Lake County Captains batting - Pitching for West Michigan Whitecaps : RHP Danny Paderes
Batting: LHB Max Schmidt 0-0: Called Strike
0-1: Called Strike
0-2: Strikes out swinging
Batting: RHB Josh Gillard 0-0: Called Strike
0-1: Called Strike
0-2: Ball
1-2: Ball
2-2: Ball
3-2: Foul Ball, location: 25F
3-2: Base on Balls
Batting: RHB Jonathan Stewart 0-0: Called Strike
0-1: Swinging Strike
0-2: Ball
1-2: Foul Ball, location: 23F
1-2: Ball
2-2: SINGLE (Flyball, 89S, EV 93.1 MPH)
Josh Gillard to second
Batting: RHB Carlos Adame 0-0: SINGLE (Groundball, 6MD, EV 100.6 MPH)
Josh Gillard to third
Jonathan Stewart to second
Runner from 3rd tries for Home, throw by CF and OUT! 8-2
Batting: RHB Alex Avitia 0-0: Ball
1-0: Foul Ball, location: 3F
1-1: Ball
2-1: Ground out 1-3 (Groundball, 34S, EV 62.5 MPH)
Bottom of the 4th over - 0 runs, 2 hits, 0 errors, 2 left on base; West Michigan 0 - Lake County 0
TOP OF THE 5TH
West Michigan Whitecaps batting - Pitching for Lake County Captains : LHP Ben Mills
Batting: LHB Steve Diamond 0-0: Called Strike
0-1: Foul Ball, location: 2F
0-2: Foul Ball, location: 3SF
0-2: Ball
1-2: Foul Ball, location: 2F
1-2: Ball
2-2: Foul Ball, location: 9LSF
2-2: Foul Ball, location: 9LDF
2-2: Strikes out swinging
Batting: RHB Brett McFarren 0-0: Ball
1-0: Ball
2-0: Ball
3-0: Called Strike
3-1: Ground out 5-3 (Groundball, 56, EV 100.6 MPH)
Batting: SHB Casey Jones 0-0: Called Strike
0-1: Swinging Strike
0-2: Foul Ball, location: 2F
0-2: Foul Ball, location: 7LSF
0-2: Foul Ball, location: 2RF
0-2: Ball
1-2: Ball
2-2: Foul Ball, location: 9LMF
2-2: Ball
3-2: Foul Ball, location: 5DF
3-2: Strikes out swinging
Top of the 5th over - 0 runs, 0 hits, 0 errors, 0 left on base; West Michigan 0 - Lake County 0
BOTTOM OF THE 5TH
Lake County Captains batting - Pitching for West Michigan Whitecaps : RHP Danny Paderes
Batting: RHB Jesus Sanchez 0-0: SINGLE (Groundball, 56, EV 104.4 MPH)
Batting: RHB Chad Black 0-0: Foul Ball, location: 9LDF
0-1: Ball
1-1: Fly out, F7 (Flyball, 78S, EV 87.5 MPH)
Batting: RHB Ralph Monti 0-0: Ball
1-0: Ball
2-0: Swinging Strike
2-1: SINGLE (Line Drive, 4MD, EV 103.1 MPH)
Jesus Sanchez to second
Batting: RHB Justin Stevenson 0-0: SINGLE (Line Drive, 89M, EV 91.9 MPH)
Jesus Sanchez to third
Ralph Monti to second
Batting: LHB Max Schmidt 0-0: Ball
1-0: Ball
2-0: Ball
3-0: Base on Balls
Jesus Sanchez scores
Ralph Monti to third
Justin Stevenson to second
Batting: RHB Josh Gillard 0-0: Ball
1-0: Ball
2-0: Called Strike
2-1: Ball
3-1: Base on Balls
Ralph Monti scores
Justin Stevenson to third
Max Schmidt to second
Batting: RHB Jonathan Stewart 0-0: Ball
1-0: Called Strike
1-1: Foul Ball, location: 2F
1-2: Ball
2-2: Ball
3-2: Base on Balls
Justin Stevenson scores
Max Schmidt to third
Josh Gillard to second
Pitching: RHP Tony Santillan
Batting: RHB Carlos Adame 0-0: Ball
1-0: Foul Ball, location: 2F
1-1: DOUBLE (Flyball, 8RXD, EV 95.6 MPH)
Max Schmidt scores
Josh Gillard scores
Jonathan Stewart to third
Runner from 3rd tries for Home, SAFE, throw by CF to trailing runner, SAFE at third!
Batting: RHB Alex Avitia 0-0: Called Strike
0-1: Ball
1-1: Ball
2-1: Swinging Strike
2-2: Ground out 4-3 (Groundball, 4, EV 80.0 MPH)
Batting: RHB Jesus Sanchez 0-0: Swinging Strike
0-1: 2-RUN HOME RUN (Flyball, 9D, EV 96.9 MPH), Distance : 366 ft
Batting: RHB Chad Black 0-0: Ball
1-0: Swinging Strike
1-1: Ball
2-1: Called Strike
2-2: Ball
3-2: Base on Balls
Batting: RHB Ralph Monti 0-0: Called Strike
0-1: Called Strike
0-2: Foul Ball, location: 9LMF
0-2: Ball
1-2: Ball
2-2: Foul Ball, location: 5F
2-2: Foul Ball, location: 2F
2-2: Foul Ball, location: 2F
2-2: Foul Ball, location: 5FF
2-2: SINGLE (Line Drive, 6MD, EV 98.8 MPH)
Chad Black to second
Batting: RHB Justin Stevenson 0-0: Ball
1-0: Ball
2-0: Ground out U3 (Groundball, 34, EV 82.5 MPH)
Bottom of the 5th over - 8 runs, 6 hits, 0 errors, 2 left on base; West Michigan 0 - Lake County 8
TOP OF THE 6TH
West Michigan Whitecaps batting - Pitching for Lake County Captains : LHP Ben Mills
Batting: LHB Chris Visser 0-0: Ball
1-0: Foul Ball, location: 25F
1-1: Ball
2-1: Ground out 4-3 (Groundball, 4, EV 98.8 MPH)
Batting: RHB Quincy Behan 0-0: Called Strike
0-1: Ball
1-1: Ball
2-1: Ground out 6-3 (Groundball, 6, EV 107.5 MPH)
Batting: RHB William Rangnow 0-0: Called Strike
0-1: Ball
1-1: Ball
2-1: Ball
3-1: DOUBLE (Line Drive, 89D, EV 101.9 MPH)
Batting: RHB Adam Anderson 0-0: Called Strike
0-1: Ball
1-1: Called Strike
1-2: Foul Ball, location: 3F
1-2: Strikes out looking
Top of the 6th over - 0 runs, 1 hit, 0 errors, 1 left on base; West Michigan 0 - Lake County 8
BOTTOM OF THE 6TH
Lake County Captains batting - Pitching for West Michigan Whitecaps : RHP Tony Santillan
Batting: LHB Max Schmidt 0-0: Swinging Strike
0-1: Ball
1-1: Ball
2-1: Fly out, F9 (Flyball, 9LMF, EV 101.9 MPH)
Batting: RHB Josh Gillard 0-0: Ball
1-0: Swinging Strike
1-1: Swinging Strike
1-2: Ball
2-2: Ball
3-2: SINGLE (Line Drive, 7S, EV 85.6 MPH)
Pitching: RHP Jim Unknown
Batting: RHB Jonathan Stewart 0-0: Ball
1-0: Ball
2-0: Called Strike
2-1: Ball
3-1: Base on Balls
Josh Gillard to second
Batting: RHB Carlos Adame 0-0: Called Strike
0-1: DOUBLE (Flyball, 89D, EV 94.4 MPH)
Josh Gillard scores
Jonathan Stewart to third
Runner from 3rd tries for Home, SAFE, throw by CF to trailing runner, SAFE at third!
Batting: RHB Alex Avitia 0-0: Called Strike
0-1: Foul Ball, location: 5FF
0-2: Ball
1-2: Ball
2-2: Ball
3-2: Ground out 5-3 (Groundball, 56, EV 78.8 MPH)
Carlos Adame scores
Batting: RHB Jesus Sanchez 0-0: Ground out 5-3 (Groundball, 15, EV 84.4 MPH)
Bottom of the 6th over - 3 runs, 2 hits, 0 errors, 0 left on base; West Michigan 0 - Lake County 11
TOP OF THE 7TH
West Michigan Whitecaps batting - Pitching for Lake County Captains : LHP Ben Mills
Pinch Hitting: RHB Jim Unknown 0-0: Called Strike
0-1: Ball
1-1: Called Strike
1-2: Ball
2-2: Strikes out swinging
Pinch Hitting: RHB Jim Unknown 0-0: Called Strike
0-1: Called Strike
0-2: Fly out, F7 (Flyball, 7S, EV 77.5 MPH)
Batting: LHB Steve Diamond 0-0: Swinging Strike
0-1: Ground out 4-3 (Groundball, 4, EV 81.9 MPH)
Top of the 7th over - 0 runs, 0 hits, 0 errors, 0 left on base; West Michigan 0 - Lake County 11
BOTTOM OF THE 7TH
Lake County Captains batting - Pitching for West Michigan Whitecaps : RHP Jim Unknown
Now at 3B: Jim Unknown
Now in LF: Chris Visser
Now in CF: Jim Unknown
Batting: RHB Chad Black 0-0: Ball
1-0: Called Strike
1-1: Swinging Strike
1-2: Strikes out swinging
Batting: RHB Ralph Monti 0-0: Ball
1-0: DOUBLE (Flyball, 8LXD, EV 98.8 MPH)
Batting: RHB Justin Stevenson 0-0: Ball
1-0: Called Strike
1-1: Foul Ball, location: 2F
1-2: Foul Ball, location: 2F
1-2: Ball
2-2: Fly out, F9 (Flyball, 9, EV 84.4 MPH)
Batting: LHB Max Schmidt 0-0: Ball
1-0: Ball
2-0: Foul Ball, location: 2F
2-1: Foul Ball, location: 2F
2-2: Strikes out swinging
Bottom of the 7th over - 0 runs, 1 hit, 0 errors, 1 left on base; West Michigan 0 - Lake County 11
TOP OF THE 8TH
West Michigan Whitecaps batting - Pitching for Lake County Captains : LHP Ben Mills
Batting: RHB Brett McFarren 0-0: Ball
1-0: SINGLE (Line Drive, 6D, EV 95.0 MPH)
Batting: SHB Casey Jones 0-0: Ball
1-0: Called Strike
1-1: Foul Ball, location: 9LMF
1-2: Foul Ball, location: 2F
1-2: Ball
2-2: Strikes out swinging
Pinch Hitting: SHB Jim Unknown 0-0: Called Strike
0-1: Ball
1-1: Foul Ball, location: 7LMF
1-2: Foul Ball, location: 5SF
1-2: Strikes out swinging
Batting: RHB Quincy Behan 0-0: Called Strike
0-1: Called Strike
0-2: Foul Ball, location: 2F
0-2: Ball
1-2: Foul Ball, location: 9LSF
1-2: Fielders Choice at 2nd, 5-4 (Groundball, 56, EV 91.3 MPH)
Top of the 8th over - 0 runs, 1 hit, 0 errors, 1 left on base; West Michigan 0 - Lake County 11
BOTTOM OF THE 8TH
Lake County Captains batting - Pitching for West Michigan Whitecaps : RHP Jim Unknown
Now in LF: Jim Unknown
Batting: RHB Josh Gillard 0-0: Ball
1-0: Ball
2-0: Called Strike
2-1: Ball
3-1: Called Strike
3-2: Fly out, F9 (Flyball, 9S, EV 90.0 MPH)
Batting: RHB Jonathan Stewart 0-0: Ball
1-0: Ball
2-0: Foul Ball, location: 9LMF
2-1: DOUBLE (Line Drive, 7LM, EV 96.9 MPH)
Batting: RHB Carlos Adame 0-0: Fly out, F2 (Popup, 23F, EV 92.5 MPH)
Pinch Hitting: RHB Brian Fry 0-0: Ball
1-0: Called Strike
1-1: Swinging Strike
1-2: Ball
2-2: Ground out 6-3 (Groundball, 6, EV 78.1 MPH)
Bottom of the 8th over - 0 runs, 1 hit, 0 errors, 1 left on base; West Michigan 0 - Lake County 11
TOP OF THE 9TH
West Michigan Whitecaps batting - Pitching for Lake County Captains : LHP Ben Mills
Now at 2B: Brian Fry
Pinch Hitting: RHB Jim Unknown 0-0: Called Strike
0-1: Swinging Strike
0-2: Ball
1-2: Strikes out swinging
Batting: RHB Adam Anderson 0-0: Ball
1-0: Ground out 3-1 (Groundball, 13, EV 78.1 MPH)
Batting: RHB Jim Unknown 0-0: Fly out, F6 (Popup, 6M, EV 75.0 MPH)
Top of the 9th over - 0 runs, 0 hits, 0 errors, 0 left on base; West Michigan 0 - Lake County 11
Wednesday, May 1st , 2024 - OOTP Baseball 24.11 Build 85